 Dungeon Crawl Stone Soup version 0.27-a0-29-g2d0a2396b0 (webtiles) character file.

Game seed: 6907668578936015040

297 zxpr0jk the Insei (level 6, -11/51 HPs)
             Began as a Draconian Monk on Jan 4, 2021.
             Was a Follower of Ru.
             Killed from afar by Ijyb (17 damage)
             ... with a bolt of acid
             ... on level 4 of the Dungeon.
             The game lasted 00:10:02 (3210 turns).

zxpr0jk the Insei (Draconian Monk)                  Turns: 3210, Time: 00:10:02

Health: -11/51     AC:  6    Str: 14    XL:     6   Next: 12%
Magic:  6/6        EV: 13    Int: 10    God:    Ru [*.....]
Gold:   153        SH:  0    Dex: 15    Spells: 5/5 levels left

rFire    . . .     SeeInvis .     - Unarmed
rCold    . . .     Faith    .   (no shield)
rNeg     + . .     Spirit   .   (armour unavailable)
rPois    .         Reflect  .   p - +0 hat {Will+}
rElec    .         Harm     .   (no cloak)
rCorr    .         Rampage  .   (no gloves)
Will     +....                  (no boots)
Stlth    +++.......             k - amulet of regeneration
HPRegen  0.57/turn              i - ring of positive energy
MPRegen  0.10/turn              (no ring)

@: mighty
A: unfitting armour, cold-blooded, no air magic, no translocations magic, no
transmutations magic, AC +6
a: Renounce Religion


You were on level 4 of the Dungeon.
You worshipped Ru.
Ru was aware of your devotion.
You visited 2 branches of the dungeon, and saw 5 of its levels.

You collected 153 gold pieces.

Inventory:

Missiles
 e - 135 stones (quivered)
Armour
 p - a +0 hat of willpower (worn)
Magical Staves
 c - an uncursed staff of death
Jewellery
 i - a ring of positive energy (left hand)
 k - an amulet of regeneration (around neck)
Scrolls
 a - a scroll of blinking {unknown}
 d - a scroll of magic mapping {unknown}
 g - 2 scrolls of amnesia {unknown}
 j - a scroll of noise {unknown}
 l - a scroll of identify {unknown}
 m - 2 scrolls of remove curse {unknown}
 q - a scroll of enchant weapon {unknown}
 r - 3 scrolls of teleportation {unknown}
 t - a scroll of enchant armour {unknown}
Potions
 b - 3 potions of brilliance
 h - a potion of attraction {unknown}
 n - a potion of curing {unknown}
 o - a potion of degeneration {unknown}


   Skills:
 - Level 3.2 Fighting
 - Level 0.1 Throwing
 - Level 2.6 Dodging
 * Level 4.9 Stealth
 + Level 5.0 Unarmed Combat


You had 5 spell levels left.
You didn't know any spells.
Your spell library was empty.

Dungeon Overview and Level Annotations

Branches:
Dungeon (4/15)             Temple (1/1) D:4

Altars:
Ashenzari
Dithmenos
Elyvilon
Fedhas
Gozag
Hepliaklqana
Kikubaaqudgha
Makhleb
Nemelex Xobeh
Okawaru
Qazlal
Ru
Sif Muna
Trog
Uskayaw
Vehumet
Wu Jian
Xom
Yredelemnul
Zin
The Shining One

Annotations:
D:4 Ijyb


Innate Abilities, Weirdness & Mutations

Your plain brown scales are hard. (AC +6)
You cannot fit into any form of body armour.
You are cold-blooded and may be slowed by cold attacks.
You cannot study or cast Air magic.
You cannot study or cast Translocations magic.
You cannot study or cast Transmutations magic.


Message History

It was a potion of cancellation.
Your magical effects are unravelling.
You feel magically purged.
You feel a little less mighty now.
You are no longer corroded.
Ijyb closely misses you.
You feel very mighty all of a sudden.
You closely miss Ijyb.
Ijyb is severely wounded.
Ijyb zaps a wand.
The bolt of acid misses you.
You hit Ijyb but do no damage.
Ijyb is severely wounded.
Ijyb hits you with a +0 club.
* * * LOW HITPOINT WARNING * * *
Unknown command.
Okay, then.
Okay, then.
You hit Ijyb but do no damage. You tail-slap Ijyb, but do no damage.
Ijyb is severely wounded.
Ijyb zaps a wand.
The bolt of acid hits you!
You die...

#..##.#
##..##.#
#..[##>#
###'####.#
#.....##.#
#.⌠.⌠.##.#
+..>..'..#
#.⌠.⌠.#..#
#.@...##.r..
###g###
###.# #...#
. #.#.# #.
.# #. .. ##
.## .# .#


You could see Ijyb.

Vanquished Creatures
  Eustachio (D:4)
  Robin (D:2)
  3 gnolls (D:4)
  5 adders
  An ooze (D:2)
  2 worms (D:2)
  A leopard gecko (D:3)
  An orc (D:3)
  A giant cockroach (D:3)
  8 goblins
  12 hobgoblins
  6 jackals (D:1)
  4 quokkas (D:3)
  A ball python (D:1)
  6 bats
  8 kobolds
  5 rats
66 creatures vanquished.

Vanquished Creatures (others)
  A quokka (D:4)
1 creature vanquished.

Grand Total: 67 creatures vanquished

Notes
Turn   | Place    | Note
-------+----------+-------------------------------------------
     0 | D:1      | zxpr0jk the Draconian Monk began the quest for the Orb.
     0 | D:1      | Reached XP level 1. HP: 19/19 MP: 1/1
   465 | D:1      | Reached XP level 2. HP: 14/26 MP: 2/2
  1273 | D:2      | Noticed Robin
  1321 | D:2      | Reached skill level 4 in Unarmed Combat
  1424 | D:2      | Reached XP level 3. HP: 31/31 MP: 3/3
  2002 | D:2      | Killed Robin
  2003 | D:2      | Reached XP level 4. HP: 37/38 MP: 4/4
  2769 | D:3      | Found a faded altar of an unknown god.
  2920 | D:4      | Noticed Eustachio
  2921 | D:4      | Reached XP level 5. HP: 43/45 MP: 5/5
  2964 | D:4      | Killed Eustachio
  2965 | D:4      | Reached skill level 5 in Unarmed Combat
  2965 | D:4      | Reached XP level 6. HP: 51/51 MP: 6/6
  2995 | D:4      | Found a staircase to the Ecumenical Temple.
  3006 | Temple   | Entered the Ecumenical Temple
  3068 | Temple   | Became a worshipper of Ru the Awakened
  3072 | Temple   | Gained mutation: You cannot study or cast Air magic. [Ru
                  | sacrifice]
  3072 | Temple   | Gained mutation: You cannot study or cast Transmutations
                  | magic. [Ru sacrifice]
  3072 | Temple   | Gained mutation: You cannot study or cast Translocations
                  | magic. [Ru sacrifice]
  3072 | Temple   | Reached * piety under Ru
  3194 | D:4      | Noticed Ijyb
  3210 | D:4      | Killed from afar by Ijyb

Illustrated notes

Levels and vault maps discovered:
D:1:      scummos_arrival_simple_crosswalls, layout_basic
D:2:      layout_loops_ring, grunt_decor_mini_mirrors, uniq_robin
D:3:      layout_basic, serial_glass, glass_columns_a, glass_columns_a,
          glass_columns_b, glass_columns_a, glass_columns_c, glass_columns_c,
          glass_columns_a, glass_columns_a, glass_columns_a, glass_columns_a,
          chequers_ecumenical_altar_island
D:4:      layout_loops_ring, kennysheep_slug_shrine, minmay_temple_entry_hall,
          uniq_ijyb, uniq_eustachio
Temple:   minmay_crystal_snake_temple

Skill      XL: |  1  2  3  4  5 |
---------------+----------------+-----
Stealth        | 2 3 4 |  4.9
Unarmed Combat | 4 5 |  5.0
Fighting       | |  3.2
Throwing       | |  0.1
Dodging        | |  2.6

Action                   |  1- 3 |  4- 6 || total
-------------------------+-------+-------++-------
Melee: Unarmed           |   142 |   145 ||   287
       Tailslap          |    17 |     8 ||    25
       Punch             |     1 |     4 ||     5
Throw: Stone             |    49 |    16 ||    65
Invok: Sacrifice Arcana  |       |     1 ||     1
  Use: Potion            |     2 |     5 ||     7
 Stab: Sleeping          |     1 |     2 ||     3
Armor: Skin              |    37 |    41 ||    78
Dodge: Dodged            |    68 |    70 ||   138

Table legend: (Time is in decaauts)
 A = Elapsed time spent in this place.
 B = Non-inter-level travel time spent in this place.
 C = Inter-level travel time spent in this place.
 D = Time resting spent in this place.
 E = Time spent auto-exploring this place.
 F = Levels seen in this place.
 G = Mean time per level.
                   A        B        C        D        E       F      G
               +--------+--------+--------+--------+--------+-----+--------+
         Total |   3182 |   3028 |    154 |    167 |   2045 |   5 |  636.4 |
       Dungeon |   2998 |   2882 |    116 |    167 |   1908 |   4 |  749.5 |
        Temple |    184 |    146 |     38 |      0 |    137 |   1 |  184.0 |
               +--------+--------+--------+--------+--------+-----+--------+

Top non-repeatable levels by time:
     D:1: 1306 daAuts
     D:2: 1021 daAuts
     D:3: 543 daAuts
  Temple: 184 daAuts
     D:4: 127 daAuts
